 Dungeon Crawl Stone Soup version 0.29.0-4-gdea44cf6ec (webtiles) character file.

Game seed: 14369003395622273723

4 qw the Sneak (level 1, -3/14 HPs)
             Began as a Gargoyle Delver on Sept 10, 2022.
             Splashed by a jelly's acid (5 damage)
             ... on level 4 of the Dungeon.
             The game lasted 00:00:02 (32 turns).

qw the Sneak (Gargoyle Delver)                        Turns: 32, Time: 00:00:03

Health: -3/14      AC:  5    Str: 15    XL:     1   Next: 60%
Magic:  1/1        EV: 11    Int: 10    God:
Gold:   0          SH:  0    Dex: 11    Spells: 0/0 levels left

rFire   . . .      SeeInvis .   a - +0 hand axe
rCold   . . .      Faith    .   (no shield)
rNeg    + . .      Spirit   .   b - +0 leather armour
rPois   inf        Reflect  .   (no helmet)
rElec   +          Harm     .   (no cloak)
rCorr   .          Rampage  .   (no gloves)
Will    .....                   (no boots)
Stlth   +++.......              (no amulet)
HPRegen 0.04/turn               (no ring)
MPRegen 0.07/turn               (no ring)

@: no status effects
A: sickness immunity, AC +2, negative energy resistance 1, electricity
resistance, torment resistance 1, petrification resistance
a: no special abilities


You were on level 4 of the Dungeon.
You visited 1 branch of the dungeon, and saw 2 of its levels.


Innate Abilities, Weirdness & Mutations

You are immune to sickness and miasma.
Your stone body is resilient. (AC +2)
You are immune to poison.
You resist negative energy. (rN+)
You are resistant to electric shocks. (rElec)
You are resistant to unholy torment.
You are immune to petrification.


   Skills:
 - Level 3.2 Fighting
 + Level 2.1 Axes
 - Level 1.5 Dodging
 - Level 5.4 Stealth


You couldn't memorise any spells.
You didn't know any spells.
Your spell library was empty.

Inventory:

Hand Weapons
 a - a +0 hand axe (weapon)
Armour
 b - a +0 leather armour (worn)
Wands
 g - a wand of digging (3)
Potions
 f - a potion of haste

Dungeon Overview and Level Annotations

Branches:
Dungeon (5/15)
 Temple: D:4-7

Altars:


Message History

Found 4 stones.
A goblin comes into view. It is wielding a +0 club.
The goblin shouts!
23 ||| Stepping ~*~*~tactically~*~*~ (stealth).
A goblin comes into view. It is wielding a +0 dagger.
Found a scroll labelled OBITAU FEOSU.
The goblin shouts!
A jelly comes into view.
A hobgoblin comes into view.
The goblin hits you but does no damage.
You closely miss the goblin. The goblin closely misses you.
You barely miss the goblin. You closely miss the quokka. The quokka bites you.
The goblin hits you but does no damage.
The hobgoblin shouts!
The jelly quivers.
You hit the goblin.
The goblin is severely wounded.
You hit the quokka but do no damage.
You hear a shout!
The quokka bites you. The goblin barely misses you.
The quokka barely misses you.
You slash the goblin!
You kill the goblin!
You hit the quokka.
You kill the quokka!
You hit the goblin. The goblin hits you but does no damage.
Your Axes skill increases to level 2!
You miss the goblin.
The goblin is moderately wounded.
An endoplasm comes into view.
The goblin hits you with a +0 dagger. The goblin closely misses you.
The endoplasm quivers.
You hit the goblin.
You kill the goblin!
A kobold comes into view. It is wielding a +0 whip.
You hit the jelly but do no damage.
Your hands burn!
You hit the hobgoblin.
You kill the hobgoblin!
The jelly hits you.
You are splashed with acid.
You die...

... ..... ..
.....
#.#####.....
#.J...(.....
#............
####.......#....
......J)%.......
......)@!..#..#
K.##...........
...........##..
..###..#.##....
........># #..
..#.###### . ...
?.. ..


You could see a jelly, an endoplasm and a kobold.

Vanquished Creatures
  2 goblins (D:4)
  A hobgoblin (D:4)
  A quokka (D:4)
4 creatures vanquished.

Notes
Turn   | Place    | Note
-------+----------+-------------------------------------------
     0 | D:5      | qw the Gargoyle Delver began the quest for the Orb.
     0 | D:5      | Reached XP level 1. HP: 14/14 MP: 1/1
     0 | D:5      | 0 ||| qw: Version: 0.1-a-116-g5d60599
     0 | D:5      | 0 ||| qw: Game counter: 9276
     0 | D:5      | 0 ||| qw: Always use a shield: true
     0 | D:5      | 0 ||| qw: God list: Okawaru
     0 | D:5      | 0 ||| qw: Allow faded altars: false
     0 | D:5      | 0 ||| qw: Do Orc after D:15 true
     0 | D:5      | 0 ||| qw: Do second Lair branch before Depths: true
     0 | D:5      | 0 ||| qw: Lair rune preference: random
     0 | D:5      | 0 ||| qw: Plans: Normal
     0 | D:5      | 0 ||| PLANNING D:1-11
     0 | D:5      | 0 ||| DROPPING scroll of fog.
     1 | D:5      | 1 ||| DROPPING scroll of magic mapping.
     2 | D:5      | 2 ||| DROPPING scroll of fear.
    23 | D:4      | 23 ||| Stepping ~*~*~tactically~*~*~ (stealth).
    25 | D:4      | Noticed a jelly
    32 | D:4      | HP: 3/14 [acid (5)]
    32 | D:4      | Splashed by a jelly's acid

Levels and vault maps discovered:
D:4:      layout_rooms, minmay_temple_entry_poolview
D:5:      layout_cave_pods, kennysheep_okawaru_gauntlet

Skill      XL: |  1 |
---------------+----+-----
Axes           | 2 |  2.1
Fighting       | |  3.2
Dodging        | |  1.5
Stealth        | |  5.4

Action                   || total
-------------------------++-------
Melee: Hand axe          ||     7
Armor: Leather armour    ||     3
Dodge: Dodged            ||     4

Table legend:
 A = Non-vault XP
 B = Vault XP
 C = Vault XP percentage of total XP
 D = Non-vault monster count
 E = Vault monster count
 F = Vault count percentage of total count
                 A         B        C        D         E       F
            +---------+---------+-------+---------+---------+-------
      Total |       8 |       0 |   0.0 |       4 |       0 |   0.0
            +---------+---------+-------+---------+---------+-------
        D:4 |       8 |       0 |   0.0 |       4 |       0 |   0.0
            +---------+---------+-------+---------+---------+-------
